 Dungeon Crawl Stone Soup version 0.30-a0-778-g2ef04afb54 (webtiles) character file.

Game seed: 7000676234768460324

64824 bobo the Fighter (level 15, -6/122 HPs)
             Began as a Human Ice Elementalist on Feb 15, 2023.
             Was a High Priest of the Shining One.
             Mangled by a raiju (7 damage)
             ... on level 2 of the Abyss.
             The game lasted 01:27:36 (20518 turns).

bobo the Fighter (Human Ice Elementalist)          Turns: 20518, Time: 01:27:36

Health: -6/122     AC: 19    Str:  8      XL:     15   Next: 55%
Magic:  31/36      EV: 18    Int: 15 (20) God:    the Shining One [*****.]
Gold:   978        SH:  7    Dex: 23      Spells: 5/31 levels left

rFire   . . .      SeeInvis .    H - +4 scimitar (flame)
rCold   . . .      Faith    .    a - +0 buckler
rNeg    + + .      Spirit   .    i - +5 steam dragon scales
rPois   +          Reflect  .    o - +0 helmet of the Eagle {rCorr MP+9}
rElec   .          Harm     .    g - +0 cloak {rPois}
rCorr   +          Rampage  .    Q - +0 pair of gloves
Will    +....                    c - +1 pair of boots of Noon {rCorr}
Stlth   +                        p - amulet of the acrobat
HPRegen 0.40/turn                e - +4 ring of protection
MPRegen 0.25/turn                q - +6 ring of dexterity

@: about to teleport, on blink cooldown, glowing, studying Invocations
A: no striking features
a: Renounce Religion, Divine Shield, Cleansing Flame, Summon Divine Warrior


You were on level 2 of the Abyss.
You worshipped the Shining One.
The Shining One was extremely pleased with you.
You visited 3 branches of the dungeon, and saw 17 of its levels.
You visited the Abyss 1 time.
You also visited: Ossuary and Gauntlet.

You collected 1128 gold pieces.
You spent 150 gold pieces at shops.

Inventory:

Hand Weapons
 y - a +6 long sword of electrocution
 H - a +4 scimitar of flaming (weapon)
Missiles
 J - a throwing net
Armour
 a - a +0 buckler (worn)
 c - the +1 pair of boots of Noon (worn) {rCorr}
   (You acquired it on level 5 of the Dungeon)

   rCorr:     It protects you from acid and corrosion.
 g - a +0 cloak of poison resistance (worn)
 i - +5 steam dragon scales (worn)
 o - the +0 helmet of the Eagle (worn) {rCorr MP+9}
   (You found it in a Gauntlet)

   MP:        It affects your magic capacity (+9).
   rCorr:     It protects you from acid and corrosion.
 P - a +1 hat of stealth
 Q - a +0 pair of gloves (worn)
Magical Staves
 K - a staff of cold
Jewellery
 e - a +4 ring of protection (left hand)
 p - an amulet of the acrobat (around neck)
 q - a +6 ring of dexterity (right hand)
 O - a +6 ring of intelligence
Wands
 E - a wand of flame (10)
 I - a wand of paralysis (9)
 L - a wand of mindburst (17)
 N - a wand of roots (5)
Scrolls
 f - a scroll of teleportation
 m - 4 scrolls of poison
 s - a scroll of silence
 t - 3 scrolls of amnesia
 x - 2 scrolls of fog
 z - 3 scrolls of torment
 C - a scroll of magic mapping
 D - 2 scrolls of fear
Potions
 b - 3 potions of magic
 d - 2 potions of invisibility {unknown}
 j - 6 potions of attraction
 k - 2 potions of might
 n - 6 potions of lignification
 r - 6 potions of flight
 u - 2 potions of mutation
 v - 3 potions of curing
 w - 3 potions of berserk rage
 B - 3 potions of brilliance
 F - a potion of resistance
 G - a potion of haste
Miscellaneous
 h - a lightning rod (4/4)


   Skills:
 + Level 12.4 Fighting
 + Level 11.3 Long Blades
 - Level 8.6 Dodging
 - Level 2.0 Stealth
 + Level 6.9 Shields
 + Level 8.9 Spellcasting
 - Level 10.0 Translocations
 - Level 11.3 Ice Magic
 - Level 7.8 Invocations


You had 5 spell levels left.
You knew the following spells:

 Your Spells              Type           Power      Damage    Failure   Level
a - Freeze                Ice            100%       1d10      1%          1
c - Wereblood             Tmut           6%         N/A       22%         2
e - Summon Ice Beast      Ice/Summ       23%        N/A       14%         4
q - Manifold Assault      Tloc           36%        N/A       2%          4
s - Frozen Ramparts       Ice            80%        1d13      1%          3
w - Ozocubu's Refrigerat  Ice            20%        4d11      75%         7
x - Ozocubu's Armour      Ice            40%        N/A       1%          3
z - Blink                 Tloc           72%        N/A       1%          2

Your spell library contained the following spells:

 Spells                   Type           Power      Damage    Failure   Level
 Passage of Golubria      Tloc           36%        N/A       2%          4
 Beastly Appendage        Tmut           12%        N/A       14%         1
 Slow                     Hex            24%        N/A       14%         1
 Iskenderun's Mystic Bla  Conj/Tloc      21%        2d6       19%         4
 Confusing Touch          Hex            6%         N/A       38%         3
 Spider Form              Tmut/Pois      6%         N/A       38%         3
 Stone Arrow              Conj/Erth      12%        3d7       38%         3
 Tukima's Dance           Hex            6%         N/A       38%         3
 Vampiric Draining        Necr           6%         2d6       38%         3
 Animate Armour           Summ/Erth      12%        N/A       80%         4
 Cause Fear               Hex            3%         N/A       80%         4
 Olgreb's Toxic Radiance  Pois           6%         N/A       80%         4
 Blade Hands              Tmut           3%         N/A       98%         5
 Yara's Violent Unravell  Hex/Tmut       3%         3d4       98%         5
 Iron Shot                Conj/Erth      3%         9d2       100%        6
 Dragon Form              Tmut           3%         N/A       100%        7
 Storm Form               Tmut/Air       3%         N/A       100%        7
 Ignition                 Fire           3%         3d4       100%        8
 Lehudib's Crystal Spear  Conj/Erth      3%         10d2      100%        8
 Dragon's Call            Summ           3%         N/A       100%        9


Dungeon Overview and Level Annotations

Branches:
Dungeon (11/15)            Temple (1/1) D:6            Lair (5/5) D:10
  Swamp (0/4) Lair:3        Snake (0/4) Lair:2        Slime (0/5) Lair:4
    Orc (0/2) D:10        Ossuary (visited)         Gauntlet (visited)

Altars:
Ashenzari
Cheibriados
Dithmenos
Elyvilon
Fedhas
Gozag
Hepliaklqana
Kikubaaqudgha
Makhleb
Nemelex Xobeh
Okawaru
Qazlal
Ru
Sif Muna
Trog
Uskayaw
Vehumet
Wu Jian
Xom
Yredelemnul
Zin
The Shining One
Jiyva

Shops:
D:6 *

Annotations:
D:5 3 runed translucent doors, niangp's ghost, novice MiBe Gauntlet 6 transporters, 2 runed translucent doors


Message History

A sixfirhy comes into view.
The starspawn tentacle completely misses you.
The starspawn tentacle completely misses you.
The starspawn tentacle closely misses you.
The ancient lich gestures wildly while chanting.
The ancient lich flickers and vanishes for a moment.
You block the starspawn tentacle's attack.
The starspawn tentacle grabs you. The starspawn tentacle constricts you.
You escape the starspawn tentacle's grasp.
The starspawn tentacle barely misses you.
A raiju comes into view.
A raiju comes into view.
The raiju barks! x3
The raiju bursts into living lightning!
The living lightning hits you!
* * * LOW HITPOINT WARNING * * *
The raiju blinks!
As you read the scroll of teleportation, it crumbles to dust.
You feel strangely unstable.
You feel the power of the Abyss delaying your translocation!
The ancient lich points at you and mumbles some strange words.
The bolt of acid misses you. The raiju bites you but does no damage.
Casting: Blink (safe; 1% risk of failure)
Confirm with . or Enter, or press ? or * to list all spells.
You blink.
A tentacle flies out from the starspawn's body!
The ancient lich touches you but does no damage.
A starspawn tentacle comes into view.
You feel better.
The ancient lich gestures at you while chanting.
You barely resist. The ancient lich casts a spell at you.
The crystal spear misses you. The raiju bites you.
* * * LOW HITPOINT WARNING * * *
The raiju shocks you!
* * * LOW HITPOINT WARNING * * *
The raiju bites you!
* * * LOW HITPOINT WARNING * * *
The raiju shocks you!
You die...

# .... #.... #. . ..###
##..##.#..#. โ”‚. ##...
..... ...# .# .#. ...
#. ......โ”€. #
###..#.#.#. #
.##..##โ”‚.# ##.... ..#
.
.##..##X###....#..##...
........#...##.##. ###.
.......L#....## #
.##..##.@h## #.##.. #..
#.hh.#....ยง#
.........#.# ..#
..............# #
.##..##...##..# #..
#.###.##.. ... ... #
.##.. #. .... .# ##.# .
# .# #


You could see an ancient lich (fast, invisible), a tentacled starspawn and 3
raiju.

Vanquished Creatures
  Josephine (Lair:5)
  5 hydras
  An ogre mage (D:10)
  3 boulder beetles
  An anaconda (Lair:3)
  11 death yaks
  An alligator (Lair:3)
  2 two-headed ogres (D:10)
  A thrashing horror (Abyss:2)
  2 tengu warriors (Gauntlet)
  A fire crab (Lair:5)
  3 skysharks
  A lindwurm (Lair:5)
  A wolf spider (Lair:3)
  A cyclops (D:10)
  A necromancer (Gauntlet)
  An oklob plant (D:10)
  14 elephants
  8 black mambas
  2 unseen horrors (D:10)
  12 cane toads
  2 torpor snails (Lair:3)
  2 gargoyles
  5 rime drakes
  4 tengu conjurers
  A kobold demonologist (D:10)
  7 komodo dragons
  A polar bear (Lair:4)
  A troll (D:9)
  3 hornets
  7 slime creatures
  5 blink frogs (Lair:2)
  4 dream sheep (Lair:5)
  A shadow (D:10)
  3 vampires (D:10)
  2 wyverns (Lair:3)
  3 nameless horrors
  60 yaks
  5 wraiths
  2 basilisks
  A large abomination (Abyss:2)
  4 steam dragons
  6 vampire mosquitoes
  3 nagas (Lair:2)
  2 small abominations (Abyss:2)
  3 hell hounds (Lair:5)
  16 water moccasins
  A hornet zombie (D:8)
  2 ice beasts
  3 orc warriors
  2 black bears
  5 sky beasts
  2 ogres
  6 starcursed masses (Abyss:2)
  4 wolves
  3 centaurs
  A phantom (D:6)
  17 bullfrogs
  4 kobold brigands
  3 elf zombies (Ossuary)
  2 scorpions
  9 wights
  2 killer bees (D:10)
  3 electric eels (Lair:3)
  2 howler monkeys
  4 centaur zombies
  5 jellies
  4 hounds
  2 gnoll boudas
  3 orc priests
  6 human zombies (Ossuary)
  An iron imp (Abyss:2)
  2 orc wizards
  8 iguanas
  4 mummies
  9 gnolls (D:6)
  8 adders
  A shadow imp (D:8)
  4 worms
  3 dart slugs (D:1)
  16 orcs
  4 endoplasms
  4 giant cockroaches
  5 goblins
  6 hobgoblins
  8 jackals (D:2)
  21 kobolds
  4 quokkas
  5 ball pythons
  2 bats
  2 frilled lizards (D:1)
  A quokka zombie (D:5)
  8 rats
  A rat zombie (D:5)
448 creatures vanquished.

Vanquished Creatures (collateral kills)
  Gastronok (Lair:2)
  A very ugly thing (Abyss:2)
  A hydra (Lair:5)
  A smoke demon (Abyss:2)
  5 yaks
  A wyvern (Lair:1)
  An electric eel (Lair:2)
  2 starcursed masses (Abyss:2)
13 creatures vanquished.

Vanquished Creatures (others)
  A yak (D:10)
  A bush (Lair:5)
  23 fungi
  38 plants
  21 starspawn tentacles (Abyss:2)
  3 withered plants (D:8)
87 creatures vanquished.

Grand Total: 548 creatures vanquished

Notes
Turn   | Place    | Note
-------+----------+-------------------------------------------
     0 | D:1      | bobo the Human Ice Elementalist began the quest for the
                  | Orb.
     0 | D:1      | Reached XP level 1. HP: 13/13 MP: 3/3
   311 | D:1      | Reached XP level 2. HP: 20/20 MP: 0/5
   398 | D:1      | Reached skill level 1 in Fighting
   598 | D:1      | Reached XP level 3. HP: 22/26 MP: 3/6
   602 | D:1      | Learned a level 3 spell: Frozen Ramparts
   854 | D:2      | Learned a level 3 spell: Ozocubu's Armour
  1039 | D:2      | Reached XP level 4. HP: 32/32 MP: 6/8
  1078 | D:2      | Found a faded altar of an unknown god.
  1853 | D:3      | Reached skill level 2 in Fighting
  1937 | D:3      | Found a glowing silver altar of Zin.
  1992 | D:3      | Reached XP level 5. HP: 12/38 MP: 2/9
  2458 | D:3      | Learned a level 2 spell: Blink
  2460 | D:4      | Found a stormy altar of Qazlal.
  2575 | D:4      | Reached skill level 5 in Ice Magic
  2608 | D:4      | Found a white marble altar of Elyvilon.
  2661 | D:4      | Reached XP level 6. HP: 46/46 MP: 9/11
  2697 | D:4      | Reached skill level 3 in Fighting
  2973 | D:4      | Got Uxzofal's Secrets of Space and Pollution
  3264 | D:4      | Found a shadowy altar of Dithmenos.
  3496 | D:5      | Entered Level 5 of the Dungeon
  3501 | D:5      | Identified a scroll of acquirement
  3501 | D:5      | Acquired the +1 pair of boots of Noon {rCorr}
  3651 | D:5      | Noticed an ogre
  3691 | D:5      | Reached XP level 7. HP: 52/52 MP: 9/13
  3727 | D:5      | Identified the +7 dagger of Exhibitionism {spect, Drain
                  | +Blink rN+ rCorr}
  3727 | D:5      | Identified the +1 leather armour of the Realm of Zot {rElec
                  | rF+ Str+2 Dex+3}
  3740 | D:5      | Identified the +4 scale mail of Fun and Games {-Tele rC-
                  | Regen+ Str+8}
  3763 | D:5      | Reached skill level 4 in Fighting
  3792 | D:5      | Found a sand-covered staircase.
  3799 | Ossuary  | Entered an ossuary
  4022 | Ossuary  | Reached XP level 8. HP: 47/61 MP: 13/15
  4046 | Ossuary  | Reached skill level 5 in Spellcasting
  4198 | Ossuary  | Reached skill level 5 in Fighting
  4394 | D:5      | Found a runed translucent gate.
  4395 | D:5      | Found a runed translucent gate.
  4396 | D:5      | Found a runed translucent gate.
  4412 | D:5      | Noticed niangp's ghost (novice MiBe)
  4664 | D:6      | Reached skill level 1 in Long Blades
  4738 | D:6      | Reached XP level 9. HP: 21/68 MP: 4/17
  5045 | D:6      | Reached skill level 6 in Fighting
  5203 | D:6      | Found Samogru Hyrch's General Store.
  5206 | D:6      | Bought a potion of magic for 120 gold pieces
  5206 | D:6      | Bought a scroll of identify for 30 gold pieces
  5464 | D:6      | Found a staircase to the Ecumenical Temple.
  5478 | D:6      | Reached skill level 1 in Translocations
  5481 | Temple   | Entered the Ecumenical Temple
  5743 | Temple   | Became a worshipper of the Shining One
  5958 | D:6      | Reached skill level 1 in Invocations
  6099 | D:7      | Found a shimmering blue altar of Sif Muna.
  6468 | D:7      | Reached XP level 10. HP: 64/77 MP: 12/19
  6561 | D:7      | Learned a level 4 spell: Summon Ice Beast
  6566 | D:7      | Learned a level 4 spell: Manifold Assault
  6753 | D:8      | Reached * piety under the Shining One
  6899 | D:8      | Found an iron altar of Okawaru.
  6924 | D:8      | Reached skill level 7 in Fighting
  6931 | D:8      | Reached skill level 5 in Invocations
  7261 | D:8      | Noticed a +0 dagger
  7261 | D:8      | Noticed a +0 hand axe
  7303 | D:8      | Reached skill level 5 in Long Blades
  7354 | D:8      | Found a snail-covered altar of Cheibriados.
  7379 | D:8      | Found a hide-covered altar of Uskayaw.
  7856 | D:9      | Noticed a gargoyle
  7877 | D:9      | Killed a gargoyle
  8010 | D:9      | Reached XP level 11. HP: 68/84 MP: 10/20
  8017 | D:9      | Reached skill level 5 in Dodging
  8107 | D:9      | Found a bloodstained altar of Trog.
  8117 | D:9      | Learned a level 2 spell: Wereblood
  8930 | D:9      | Noticed a five-headed hydra
  8930 | D:9      | Reached ** piety under the Shining One
  8930 | D:9      | Noticed a cyclops
  8930 | D:9      | Noticed a cyclops
  8930 | D:9      | Noticed a deep elf pyromancer
  8931 | D:9      | Noticed a centaur warrior
  8931 | D:9      | Noticed a manticore
  8931 | D:9      | Noticed a centaur warrior
  8931 | D:9      | Noticed a centaur warrior
  8976 | D:9      | Noticed a centaur warrior
  8976 | D:9      | Noticed a centaur warrior
  9122 | D:10     | Entered Level 10 of the Dungeon
  9122 | D:10     | Found a staircase to the Orcish Mines.
  9377 | D:10     | Reached skill level 8 in Fighting
  9562 | D:10     | Noticed a cyclops
  9665 | D:10     | Found a staircase to the Lair.
  9671 | D:10     | Noticed an oklob plant
  9767 | D:10     | Killed an oklob plant
  9800 | Lair:1   | Entered Level 1 of the Lair of Beasts
  9801 | Lair:1   | Noticed an elephant
  9802 | Lair:1   | Noticed an elephant
  9802 | Lair:1   | Reached *** piety under the Shining One
  9803 | Lair:1   | Noticed an elephant
  9803 | Lair:1   | Noticed an elephant
  9803 | Lair:1   | Noticed an elephant
  9804 | Lair:1   | Noticed an elephant
  9816 | D:10     | Reached skill level 5 in Translocations
 10017 | D:10     | Killed an elephant
 10126 | D:10     | Noticed a sun demon
 10293 | D:10     | Noticed an ogre mage
 10296 | D:10     | Noticed a five-headed hydra
 10296 | D:10     | Noticed a two-headed ogre
 10309 | D:10     | Killed a two-headed ogre
 10311 | D:10     | Killed an ogre mage
 10314 | D:10     | Reached XP level 12. HP: 92/94 MP: 4/21
 10354 | D:10     | Found a shimmering altar of Xom.
 10371 | D:10     | Noticed a two-headed ogre
 10664 | Lair:1   | Reached skill level 10 in Ice Magic
 10908 | Lair:1   | Reached skill level 9 in Fighting
 11174 | Lair:1   | Noticed a boulder beetle
 11184 | Lair:1   | Killed a boulder beetle
 11446 | Lair:1   | Identified the +0 chain mail "Seusch" {Will+ Str+2}
 11654 | Lair:2   | Noticed a skyshark
 11663 | Lair:2   | Killed a skyshark
 11959 | Lair:2   | Noticed a death yak
 11970 | Lair:2   | Killed a death yak
 12020 | Lair:2   | Noticed a death yak
 12020 | Lair:2   | Noticed a death yak
 12020 | Lair:2   | Noticed a death yak
 12026 | Lair:2   | Noticed a death yak
 12027 | Lair:2   | Noticed a death yak
 12031 | Lair:2   | Killed a death yak
 12039 | Lair:2   | Killed a death yak
 12043 | Lair:2   | Killed a death yak
 12056 | Lair:2   | Killed a death yak
 12056 | Lair:2   | Found a staircase to the Snake Pit.
 12057 | Lair:2   | Reached XP level 13. HP: 24/102 MP: 4/22
 12403 | Lair:2   | Noticed Gastronok
 12417 | Lair:2   | Killed Gastronok
 12508 | Lair:2   | Reached skill level 10 in Fighting
 13058 | Lair:2   | Reached **** piety under the Shining One
 13319 | Lair:3   | Noticed an eight-headed hydra
 13678 | Lair:3   | Killed an eight-headed hydra
 13738 | Lair:3   | Found a staircase to the Swamp.
 14198 | Lair:3   | Noticed a six-headed hydra
 14209 | Lair:3   | Killed a six-headed hydra
 14210 | Lair:3   | Reached skill level 1 in Shields
 14345 | Lair:3   | You fall into a shaft and drop 1 floor!
 15009 | Lair:4   | Found a staircase to the Slime Pits.
 15009 | Lair:4   | Found a viscous altar of Jiyva.
 15111 | Lair:4   | Reached XP level 14. HP: 111/111 MP: 16/23
 16215 | Lair:3   | Reached skill level 11 in Fighting
 16724 | Lair:3   | Reached skill level 10 in Long Blades
 16866 | Lair:3   | Found the +10 Black Knight's barding {ponderous, rPois rN+}
 16872 | Lair:3   | Identified the +0 scale mail of Insatiable Hunger {Harm rN+
                  | Int-4 Stlth+}
 17088 | Lair:5   | Entered Level 5 of the Lair of Beasts
 17088 | Lair:5   | Noticed Josephine
 17418 | Lair:5   | Killed Josephine
 17431 | Lair:5   | Reached ***** piety under the Shining One
 17719 | Lair:5   | Reached skill level 5 in Shields
 18325 | Lair:5   | Reached skill level 10 in Translocations
 18350 | Lair:5   | Reached XP level 15. HP: 101/120 MP: 3/27
 18906 | D:10     | Reached skill level 12 in Fighting
 19546 | D:11     | Found a gate leading to a gauntlet.
 19558 | Gauntlet | Entered a Gauntlet
 19558 | Gauntlet | Found a transporter.
 19558 | Gauntlet | Found a transporter.
 19558 | Gauntlet | Found a transporter.
 19559 | Gauntlet | Found a transporter.
 19563 | Gauntlet | Found a transporter.
 19565 | Gauntlet | Found a transporter.
 19567 | Gauntlet | Found a runed translucent door.
 19569 | Gauntlet | Found a runed translucent door.
 19569 | Gauntlet | Found a transporter.
 19571 | Gauntlet | Found a transporter.
 19572 | Gauntlet | Found a transporter.
 19574 | Gauntlet | Found a transporter.
 19582 | Gauntlet | Found a transporter.
 19582 | Gauntlet | Found a transporter.
 19981 | Gauntlet | Identified the +0 helmet of the Eagle {rCorr MP+9}
 20151 | Gauntlet | Learned a level 7 spell: Ozocubu's Refrigeration
 20161 | Abyss:2  | Cast into level 2 of the Abyss (minotaur)
 20192 | Abyss:2  | Noticed a profane servitor
 20207 | Abyss:2  | Noticed a tentacled starspawn
 20356 | Abyss:2  | Noticed a brown very ugly thing
 20362 | Abyss:2  | Noticed a white very ugly thing
 20368 | Abyss:2  | Noticed a tentacled starspawn
 20388 | Abyss:2  | Noticed a green very ugly thing
 20400 | Abyss:2  | Killed a green very ugly thing
 20438 | Abyss:2  | HP: 5/122 [starcursed mass/accursed screaming (6)]
 20454 | Abyss:2  | HP: 3/122 [starcursed mass/accursed screaming (5)]
 20507 | Abyss:2  | Noticed an ancient lich
 20518 | Abyss:2  | HP: 1/122 [raiju (7)]
 20518 | Abyss:2  | Mangled by a raiju

Illustrated notes

Levels and vault maps discovered:
D:1:      wander_arrival_lonely_grave, layout_rooms, serial_bayou_pond_b
D:2:      layout_basic, hellmonk_ecumenical_altar_lost_god
D:3:      minmay_evil_eye, layout_basic, zin_scriptorium, serial_bayou,
          serial_bayou_pond_c, serial_bayou_shore_a, serial_bayou_lake_a,
          serial_bayou_pond_d
D:4:      layout_loops_ring, elyvilon_altar_3,
          nicolae_dithmenos_through_a_glass_darkly,
          mainiacjoe_overflow_concentric_impassable
D:5:      layout_basic, biasface_ghost_orc_armoury, enter_ossuary_4,
          chequers_mini_garden
D:6:      layout_loops_ring, temple_green, serial_shops, kennysheep_mini
D:7:      layout_rooms, mainiacjoe_overflow_catwalk
D:8:      kennysheep_spiral_hall, layout_basic, slow_altar_2,
          dancing_weapons_uskayaw, mainiacjoe_overflow_six_doors_small,
          serial_undead, serial_undead_d, serial_undead_b, serial_undead_e,
          serial_undead_c, kennysheep_nondescript
D:9:      layout_cave_pods, bloody_trog, serial_column_ruins,
          column_ruins_circle_small, column_ruins_columns_dead_end,
          column_ruins_open_small, column_ruins_columns_water,
          column_ruins_columns_corner, column_ruins_open_tiny,
          column_ruins_corridor_straight, column_ruins_open_small, minivault_12
D:10:     hangedman_cross_cluster, layout_rooms, dpeg_oklobed_lair, orc_0_dummy
D:11:     layout_stronghold, gauntlet_entry_generic, chequers_decorated_corner,
          uniq_amaemon
Temple:   nicolae_temple_figure_eight
Lair:1:   layout_hall_layers, grunt_megastairs_4
Lair:2:   layout_chaotic_city, minmay_snake_entry_guardpost_small,
          serial_bayou_ford_a, minivault_24, serial_bayou_pond_d,
          dreamdust_gnoll_shepherd, serial_bayou_shore_b, lemuel_fruit_tree,
          uniq_gastronok
Lair:3:   nzn_winding_woodlands_huge [nzn_winding_woodlands_5x15_pockets,
          nzn_winding_woodlands_5x15_crooked, nzn_winding_woodlands_5x15_twine,
          nzn_winding_woodlands_5x15_sawtooth, nzn_winding_woodlands_5x15_cabin,
          nzn_winding_woodlands_5x15_jagged, nzn_winding_woodlands_5x15_zeroes,
          nzn_winding_woodlands_5x15_pool, nzn_winding_woodlands_5x15_longhouse,
          nzn_winding_woodlands_5x15_pathside_ponds,
          nzn_winding_woodlands_center_triple_pond,
          nzn_winding_woodlands_center_lodge,
          nzn_winding_woodlands_15x15_eel_pit], layout_big_grid,
          minmay_swamp_entry_swarm, chequers_serial_rivers_large_b
Lair:4:   layout_regular_city, minmay_slime_entry_pillars, lemuel_old_faithful,
          grunt_megastairs_1
Lair:5:   cheibrodos_lair_end_hotspot, layout_layer_cave, minmay_hedge_maze,
          uniq_josephine
Abyss:2:  base: IceCv, hangedman_cross_veins, hangedman_abyss_or_decor_passed,
          hangedman_decor_peaks_small, abyss_furniture_001,
          hangedman_abyss_or_decor_passed, abyss_furniture_001,
          evilmike_abyss_exit_glass
Gauntlet: minmay_gauntlet_mixed_big_or_small
          [nicolae_gauntlet_arena_flowing_pool,
          minmay_gauntlet_arena_77_block_sizes, gammafunk_gauntlet_arena_grid,
          minmay_gauntlet_arena_77_cramped, gammafunk_gauntlet_arena_spirals,
          minmay_gauntlet_arena_77_checkered, gauntlet_exit_green]

Skill      XL: |  1  2  3  4  5  6  7  8  9 10 11 12 13 14 15 |
---------------+----------------------------------------------+-----
Fighting       | 1 2 3 4 5 6 7 8 9 10 11 12 | 12.4
Spellcasting   | 3 4 5 6 8 |  8.9
Ice Magic      | 5 6 7 8 9 10 11 | 11.3
Long Blades    | 1 3 5 6 8 9 10 11 | 11.3
Translocations | 2 4 5 7 8 10 | 10.0
Invocations    | 3 6 7 |  7.8
Dodging        | 3 4 6 7 8 |  8.6
Shields        | 2 5 6 |  6.9
Stealth        | |  2.0

Action                     |  1- 3 |  4- 6 |  7- 9 | 10-12 | 13-15 || total
---------------------------+-------+-------+-------+-------+-------++-------
  Melee: Spear             |    42 |    71 |       |       |       ||   113
         Punch             |     1 |     1 |     3 |     7 |     4 ||    16
         Long sword        |       |    11 |   232 |   313 |   406 ||   962
         Staff             |       |       |       |     5 |    25 ||    30
         Scimitar          |       |       |       |       |   203 ||   203
   Cast: Freeze            |    26 |    42 |    14 |     5 |     3 ||    90
         Frozen Ramparts   |     2 |     6 |    22 |    39 |    71 ||   140
         Ozocubu's Armour  |     1 |     6 |    30 |    48 |    72 ||   157
         Summon Ice Beast  |       |       |       |     9 |    18 ||    27
         Manifold Assault  |       |       |       |    27 |    68 ||    95
         Blink             |       |       |       |     7 |     9 ||    16
         Wereblood         |       |       |       |     3 |    12 ||    15
 Invoke: Divine Shield     |       |       |       |     4 |     3 ||     7
         Summon Divine War |       |       |       |       |     1 ||     1
  Evoke: Wand              |       |     4 |       |    17 |     1 ||    22
         Lightning rod     |       |       |       |       |     1 ||     1
    Use: Scroll            |       |    13 |    10 |     7 |    20 ||    50
         Potion            |       |       |       |     3 |    12 ||    15
   Stab: Sleeping          |     6 |     8 |       |       |       ||    14
 Armour: Robe              |    14 |    24 |   123 |   163 |     7 ||   331
         Steam dragon scal |       |       |       |       |   242 ||   242
  Dodge: Dodged            |    29 |    45 |   139 |   359 |   486 ||  1058
  Block: Orb               |       |       |       |    11 |       ||    11
         Other             |       |       |       |    22 |     1 ||    23
         Buckler           |       |       |       |       |   141 ||   141

Table legend: (Time is in decaauts)
 A = Elapsed time spent in this place.
 B = Non-inter-level travel time spent in this place.
 C = Inter-level travel time spent in this place.
 D = Time resting spent in this place.
 E = Time spent auto-exploring this place.
 F = Levels seen in this place.
 G = Mean time per level.
                   A        B        C        D        E       F      G
               +--------+--------+--------+--------+--------+-----+--------+
         Total |  20734 |  20041 |    693 |   2069 |  13455 |  20 | 1036.7 |
       Dungeon |  10956 |  10535 |    421 |    878 |   7409 |  11 |  996.0 |
        Temple |    283 |    275 |      8 |      0 |    268 |   1 |  283.0 |
          Lair |   8017 |   7753 |    264 |    716 |   5598 |   5 | 1603.4 |
         Abyss |    354 |    354 |      0 |    157 |      0 |   1 |  354.0 |
       Ossuary |    527 |    527 |      0 |    215 |      0 |   1 |  527.0 |
      Gauntlet |    595 |    595 |      0 |    103 |    180 |   1 |  595.0 |
               +--------+--------+--------+--------+--------+-----+--------+

Top non-repeatable levels by time:
  Lair:3: 2392 daAuts
     D:9: 1888 daAuts
    D:10: 1740 daAuts
  Lair:4: 1550 daAuts
  Lair:2: 1520 daAuts
  Lair:1: 1339 daAuts
     D:8: 1246 daAuts
  Lair:5: 1214 daAuts
     D:6: 1128 daAuts
     D:4: 1091 daAuts
     D:2: 1027 daAuts
     D:3: 806 daAuts
     D:1: 681 daAuts
     D:5: 646 daAuts
Gauntlet: 595 daAuts
